 Dungeon Crawl Stone Soup version 0.31.0-11-ge490571c62 (webtiles) character file.

Game seed: 1588335722156285338

121 SnakkuSnakku7 the Trooper (level 4, -1/34 HPs)
             Began as a Mummy Alchemist on Jan 27, 2024.
             Slain by a hound (4 damage)
             ... on level 4 of the Dungeon.
             The game lasted 00:02:23 (1408 turns).

SnakkuSnakku7 the Trooper (Mummy Alchemist)         Turns: 1408, Time: 00:02:23

Health: -1/34      AC:  8    Str: 13    XL:     4   Next: 76%
Magic:  8/8        EV:  6    Int: 14    God:
Gold:   159        SH:  0    Dex: 12    Spells: 7/8 levels left

rFire   x . .        a - +0 war axe
rCold   + . .        (no shield)
rNeg    + + +        j - +0 chain mail
rPois   ∞            (no helmet)
rElec   .            (no cloak)
rCorr   .            (no gloves)
SInv    .            (no boots)
Will    .....        (no amulet) Stlth
                     (no ring)
HPRegen 0.25/turn    (no ring)
MPRegen 0.11/turn

%: faith
@: no status effects
A: cold resistance 1, negative energy resistance 3, torment resistance 2, heat
vulnerability 1, in touch with death 1, no potions, faith
a: no special abilities


You were on level 4 of the Dungeon.
You visited 1 branch of the dungeon, and saw 4 of its levels.

You collected 159 gold pieces.

Inventory:

Hand Weapons
 a - a +0 war axe (weapon)
 b - a +0 short sword
Armour
 h - a +0 ring mail
 j - a +0 chain mail (worn)
 l - a +0 robe
Jewellery
 f - a ring of ice
Wands
 k - a wand of flame (10)
Scrolls
 c - a scroll of noise {unknown}
 d - a scroll of amnesia {unknown}
 e - 2 scrolls of butterflies {unknown}
 g - a scroll of teleportation {unknown}
 i - a scroll of poison {unknown}
 m - a scroll of blinking {unknown}
 n - a scroll of torment {unknown}


   Skills:
 - Level 2.9 Fighting
 + Level 2.5 Axes
 - Level 1.5 Dodging
 - Level 1.5 Stealth
 - Level 2.6 Spellcasting
 - Level 0.7 Conjurations
 - Level 2.4 Alchemy


You had 7 spell levels left.
You knew the following spells:

 Your Spells              Type           Power      Damage    Failure   Level
a - Sting                 Conj/Alch      24%        1d4       96%         1

Your spell library contained the following spells:

 Spells                   Type           Power      Damage    Failure   Level
 Mercury Vapours          Alch/Air       10%        N/A       99%         2
 Call Canine Familiar     Summ           1%         N/A       100%        3
 Mephitic Cloud           Conj/Alch/Air  4%         N/A       100%        3
 Sigil of Binding         Hex            1%         N/A       100%        3
 Dimensional Bullseye     Hex/Tloc       0%         N/A       100%        4
 Olgreb's Toxic Radiance  Alch           8%         N/A       100%        4
 Sticky Flame             Fire/Alch      5%         2d4       100%        4


Dungeon Overview and Level Annotations

Branches:
Dungeon (4/15)
 Temple: D:4-7

Altars:

Shops:
D:3 =

Annotations:
D:3 Sigmund


Innate Abilities, Weirdness & Mutations

You are immune to poison.
Your flesh is cold resistant. (rC+)
You are immune to negative energy. (rN+++)
You are immune to unholy pain and torment.
You are vulnerable to heat. (rF-)
You are in touch with the powers of death.
You do not drink.
You have a special connection with the divine. (Faith)


Message History

The hound is lightly wounded.
The hound bites you but does no damage. x2
You hit the hound.
The hound is heavily wounded.
The hound bites you but does no damage. The hound bites you.
You barely miss the hound.
The hound is heavily wounded.
A hound comes into view.
The hound bites you but does no damage. x2
The hound barks!
You hit the hound.
The hound is severely wounded.
The hound bites you but does no damage. The hound bites you.
You completely miss the hound.
The hound is severely wounded.
The hound bites you. The hound bites you but does no damage.
You hit the hound.
The hound is severely wounded.
The hound bites you but does no damage. x2
You hit the hound.
The hound is almost dead.
You hit the hound. The hound bites you but does no damage.
The hound bites you. x2
The hound bites you but does no damage.
You barely miss the hound.
The hound is almost dead.
You hit the hound. The hound barely misses you.
The hound bites you but does no damage. x3
You are too injured to fight recklessly!
You are too injured to fight recklessly!
Unknown command.
You closely miss the hound.
The hound is almost dead.
You hit the hound but do no damage. The hound bites you. x4
* * * LOW HITPOINT WARNING * * *
You barely miss the hound.
The hound is almost dead.
You closely miss the hound. The hound barely misses you. The hound bites you.
* * * LOW HITPOINT WARNING * * *
The hound bites you.
You die...

.....
........#........##
.......#.........#
..##..........##
#.#..........##
#.##...........
####..............
..###..#.....###.###..
......h.†.........# ..
......h@###...##....
#.......# #..## ...
......... ....#
........###.###
......... .. ..###..##
. #.. #.#


You could see 2 hounds.

Vanquished Creatures
  A jelly (D:3)
  4 adders (D:2)
  A dart slug (D:2)
  A ribbon worm (D:2)
  An orc (D:4)
  4 ball pythons
  4 giant cockroaches
  8 goblins
  6 hobgoblins
  5 kobolds
  2 quokkas
  4 bats
  3 frilled lizards (D:2)
  5 rats
49 creatures vanquished.

Notes
Turn   | Place    | Note
-------+----------+-------------------------------------------
     0 | D:1      | SnakkuSnakku7 the Mummy Alchemist began the quest for the
                  | Orb.
     0 | D:1      | Reached XP level 1. HP: 13/13 MP: 4/4
    85 | D:1      | Reached skill level 1 in Fighting
   138 | D:1      | Reached XP level 2. HP: 19/22 MP: 5/5
   652 | D:2      | Reached XP level 3. HP: 24/28 MP: 7/7
   820 | D:2      | Reached skill level 1 in Axes
   905 | D:2      | Reached XP level 4. HP: 28/34 MP: 8/8
  1169 | D:3      | Found Zufu's Jewellery Shop.
  1263 | D:3      | Noticed Sigmund
  1408 | D:4      | Slain by a hound

Illustrated notes

Levels and vault maps discovered:
D:1:      lightli_molten_gateway, layout_basic
D:2:      layout_rooms
D:3:      layout_basic, serial_shops, nicolae_shop_real_fake_doors,
          chequers_arboretum, uniq_sigmund
D:4:      layout_cave_pools, chequers_temple_overflow_statue_of_worship,
          nicolae_gozag_conspicuous_consumption

Skill      XL: |  1  2  3  4 |
---------------+-------------+-----
Fighting       | 1 2 |  2.9
Axes           | 1 2 |  2.5
Dodging        | |  1.5
Stealth        | |  1.5
Spellcasting   | |  2.6
Conjurations   | |  0.7
Alchemy        | |  2.4

Action                     |  1- 3 |  4- 6 || total
---------------------------+-------+-------++-------
  Melee: Short sword       |    86 |       ||    86
         War axe           |    25 |    48 ||    73
   Cast: Sting             |     2 |       ||     2
  Evoke: Wand              |       |     8 ||     8
   Stab: Sleeping          |     4 |       ||     4
 Armour: Robe              |    25 |       ||    25
         Ring mail         |    18 |       ||    18
         Chain mail        |    39 |    65 ||   104
  Dodge: Dodged            |    62 |    12 ||    74
